 Dungeon Crawl Stone Soup version 0.17.0-57-g0e89251 (webtiles) character file.

74 devsta the Skirmisher (level 4, 0/35 HPs)
             Began as a Human Fighter on Dec 8, 2015.
             Slain by a gnoll
             ... wielding a +0 halberd
              (9 damage)
             ... on level 2 of the Dungeon.
             The game lasted 00:18:09 (1423 turns).

devsta the Skirmisher (Human Fighter)               Turns: 1423, Time: 00:18:09

Health: 0/35       AC:  7    Str: 12    XL:     4   Next: 54%
Magic:  0/4        EV:  6    Int:  8    God:
Gold:   121        SH:  8    Dex: 13    Spells: 0 memorised, 3 levels left

rFire  . . .     SeeInvis .     a - +0 long sword
rCold  . . .     Clarity  .     b - +1 scale mail
rNeg   . . .     SustAt   .     c - +0 shield
rPois  .         Gourm    .     (no helmet)
rElec  .         Spirit   +     (no cloak)
rCorr  .         Warding  .     (no gloves)
rMut   .         Stasis   .     (no boots)
MR     .....                    l - amulet of guardian spirit
Stlth  ..........               (no ring)
                                n - -5 ring of strength (curse)

@: not resistant to hostile enchantments, extremely unstealthy
A: no striking features
a: no special abilities


You were on level 2 of the Dungeon.
You were not hungry.

You visited 1 branch of the dungeon, and saw 2 of its levels.

You collected 121 gold pieces.

Inventory:

Hand Weapons
 a - a +0 long sword (weapon)
 g - a +0 dagger
 h - a +0 club
 i - a +0 short sword
 k - a +0 club
 m - a +0 dagger
 q - a +0 club
 r - a +0 dagger
 t - a +0 short sword
 y - a +0 club
 C - a +0 whip
Missiles
 j - 21 bolts
 s - 75 stones (quivered)
 A - 15 arrows
Armour
 b - a +1 scale mail (worn)
 c - a +0 shield (worn)
 p - a +0 leather armour
 v - a +0 ring mail
Jewellery
 l - an amulet of guardian spirit (around neck)
 n - a cursed -5 ring of strength (left hand)
Scrolls
 o - 3 scrolls of remove curse {unknown}
 u - 2 scrolls of teleportation {unknown}
 w - a scroll of enchant armour
 z - a scroll of identify {unknown}
 B - a scroll of fog
Potions
 d - 2 potions of might
 D - a potion of poison {unknown}
Comestibles
 e - 2 bread rations
 f - a meat ration
 x - 5 chunks of flesh


   Skills:
 + Level 3.5 Fighting
 + Level 2.6 Long Blades
 + Level 0.4 Throwing
 + Level 3.3 Armour
 + Level 1.0 Dodging
 + Level 0.7 Stealth
 + Level 3.5 Shields


You had 3 spell levels left.
You didn't know any spells.

Dungeon Overview and Level Annotations

Branches:
Dungeon (2/15)

Altars:
Okawaru


Message History

Your Dodging skill increases to level 1!
The gnoll hits you from afar with a spear.
The gnoll hits you from afar with a spear.
The gnoll hits you but does no damage. The gnoll closely misses you.
You hit the gnoll.
The gnoll is lightly wounded.
The gnoll hits you with a spear. You block the gnoll's attack.
The gnoll barely misses you.
You slash the gnoll!
The gnoll is severely wounded.
The gnoll hits you but does no damage. The gnoll closely misses you.
You slash the gnoll!
You kill the gnoll!
The gnoll hits you but does no damage. The gnoll hits you with a halberd!
You barely miss the gnoll. The gnoll hits you with a halberd.
* * * LOW HITPOINT WARNING * * *
Your shield and scale mail prevent you from hitting the gnoll.
The gnoll hits you with a halberd!
You die...

### #. #.. #. ##.
#. #. #g ## #g #.
...8 #.###### #_##
#.g@...### ###
......#####...#
#.# ..... ..
###.####.# .###
..>.###.#....# ###
#...........# #..
####........####..
#####..........
#......##..
#....###..#


You could see a gnoll.

Vanquished Creatures
  3 gnolls (D:2)
  An adder (D:2)
  An ooze (D:1)
  A worm (D:2)
  8 goblins
  2 hobgoblins (D:2)
  A quokka (D:2)
  2 giant cockroaches (D:1)
  3 giant newts
  5 kobolds
  7 rats
34 creatures vanquished.

Notes
Turn   | Place    | Note
--------------------------------------------------------------
     0 | D:1      | devsta the Human Fighter began the quest for the Orb.
     0 | D:1      | Reached XP level 1. HP: 18/18 MP: 1/1
   252 | D:1      | Reached XP level 2. HP: 24/24 MP: 2/2
  1008 | D:2      | Reached XP level 3. HP: 29/29 MP: 3/3
  1123 | D:2      | Found an iron altar of Okawaru.
  1407 | D:2      | Reached XP level 4. HP: 35/35 MP: 4/4
  1413 | D:2      | Reached skill level 1 in Dodging
  1423 | D:2      | Slain by a gnoll

Action                   |  1- 3 |  4- 6 || total
-------------------------+-------+-------++-------
Melee: Long sword        |    96 |    11 ||   107
Throw: Stone             |    14 |       ||    14
  Use: Scroll            |     3 |       ||     3
       Potion            |     4 |       ||     4
  Eat: Chunk             |     2 |       ||     2
